 Dungeon Crawl Stone Soup version 0.31.0-10-gcf4a605ca0 (webtiles) character file.

Game seed: 4555028262310497062

551 Amaterasu the Shooter (level 7, -2/41 HPs)
             Began as a Kobold Hexslinger on Jan 25, 2024.
             Slain by an ogre
             ... wielding a +0 giant club
              (6 damage)
             ... on level 6 of the Dungeon.
             The game lasted 00:12:07 (3899 turns).

Amaterasu the Shooter (Kobold Hexslinger)           Turns: 3899, Time: 00:12:08

Health: -2/41      AC:  8    Str:  5    XL:     7   Next: 54%
Magic:  6/10       EV: 14    Int: 15    God:
Gold:   308        SH:  0    Dex: 19    Spells: 8/11 levels left

rFire   . . .        a - +1 sling (heavy)
rCold   . . .        (no shield)
rNeg    . . .        p - +1 leather armour {rPois}
rPois   +            k - +0 helmet
rElec   .            q - +0 cloak
rCorr   .            d - +0 pair of gloves
SInv    .            r - +0 pair of boots
Will    .....        (no amulet)
Stlth   ++           (no ring)
HPRegen 0.26/turn    (no ring)
MPRegen 0.12/turn

%: no passive effects
@: confused
A: small, no large weapons, nightstalker 3
a: no special abilities


You were on level 6 of the Dungeon.
You visited 1 branch of the dungeon, and saw 6 of its levels.

You collected 308 gold pieces.

Inventory:

Hand Weapons
 a - a +1 heavy sling (weapon)
 f - a +0 short sword
 i - a +1 short sword of holy wrath
Armour
 d - a +0 pair of gloves (worn)
 j - a +0 ring mail
 k - a +0 helmet (worn)
 p - a +1 leather armour of poison resistance (worn)
 q - a +0 cloak (worn)
 r - a +0 pair of boots (worn)
Wands
 o - a wand of charming (13)
Scrolls
 b - 4 scrolls of poison
 e - 4 scrolls of teleportation
 g - a scroll of amnesia
 s - a scroll of revelation
Potions
 c - a potion of attraction {unknown}
 h - a potion of degeneration {unknown}
 l - 2 potions of haste {unknown}
 m - a potion of curing {unknown}
 n - a potion of heal wounds {unknown}


   Skills:
 - Level 3.0 Fighting
 + Level 7.7 Ranged Weapons
 * Level 1.4 Armour
 - Level 2.4 Dodging
 * Level 2.6 Spellcasting
 * Level 3.9 Hexes
 - Level 1.0 Fire Magic


You had 8 spell levels left.
You knew the following spells:

 Your Spells              Type           Power      Damage    Failure   Level
a - Jinxbite              Hex            26%        N/A       10%         2
b - Slow                  Hex            52%        N/A       7%          1

Your spell library contained the following spells:

 Spells                   Type           Power      Damage    Failure   Level
 Confusing Touch          Hex            13%        N/A       21%         3
 Sigil of Binding         Hex            13%        N/A       21%         3
 Inner Flame              Hex/Fire       9%         N/A       36%         3
 Cause Fear               Hex            6%         N/A       54%         4
 Vampiric Draining        Necr           1%         2d6       71%         3
 Dimensional Bullseye     Hex/Tloc       3%         N/A       83%         4


Dungeon Overview and Level Annotations

Branches:
Dungeon (7/15)
 Temple: D:4-7

Altars:
Ashenzari
Cheibriados
Kikubaaqudgha
Makhleb
Ru
Uskayaw
Vehumet
Wu Jian
The Shining One

Shops:
D:1 *


Innate Abilities, Weirdness & Mutations

You are small and have problems with some larger weapons.
You are completely attuned to the shadows.


Message History

Aim: an orc, wielding a +0 hand axe and wearing a +0 leather armour (64% to hit)
You shoot a sling bullet. The sling bullet hits the orc!
You kill the orc!
The ogre misses you. The orc wizard barely misses you.
Fire: a) +1 sling (heavy)
Press: ? - help, Q - select action, (/) - cycle Shift-Dir - straight line, f - orc wizard
Aim: an orc wizard, wielding a +0 dagger and wearing a +0 robe (58% to hit)
You shoot a sling bullet.
The sling bullet hits the orc wizard but does no damage.
The ogre barely misses you.
The orc wizard hits you with a +0 dagger.
* * * LOW HITPOINT WARNING * * *
Fire: a) +1 sling (heavy)
Press: ? - help, Q - select action, (/) - cycle Shift-Dir - straight line, f/p - orc wizard
Aim: an orc wizard, wielding a +0 dagger and wearing a +0 robe (58% to hit)
You shoot a sling bullet.
The sling bullet hits the orc wizard but does no damage.
The orc wizard barely misses you. The ogre hits you with a +0 giant club!
* * * LOW HITPOINT WARNING * * *
The orc wizard closely misses you.
Fire: a) +1 sling (heavy)
Press: ? - help, Q - select action, (/) - cycle Shift-Dir - straight line, f/p - orc wizard
Aim: an orc wizard, wielding a +0 dagger and wearing a +0 robe (58% to hit)
You shoot a sling bullet.
The sling bullet closely misses the orc wizard.
The ogre completely misses you.
The orc wizard hits you but does no damage.
Fire: a) +1 sling (heavy)
Press: ? - help, Q - select action, (/) - cycle Shift-Dir - straight line, f/p - orc wizard
Aim: an orc wizard, wielding a +0 dagger and wearing a +0 robe (58% to hit)
You shoot a sling bullet. The sling bullet hits the orc wizard!
The orc wizard is severely wounded.
The orc wizard barely misses you. The ogre completely misses you.
The orc wizard gestures at you while chanting.
You are confused.
Non-targeted confused fire: a) +1 sling (heavy)
Press: ? - help, Q - select action, (/) - cycle Dir - look around, f - activate You shoot a sling bullet.
The ogre hits you with a +0 giant club.
You die...

#########
#.o@Oo..#
#.#####.#
#. #.####
♣ #o...#
#.##.#
#.##.#
..##.#
.## ###
#.# #..##
###.#####


You could see an ogre, an orc wizard and an orc.

Vanquished Creatures
  An orc warrior (D:7)
  A bullfrog (D:7)
  A jelly (D:7)
  A bombardier beetle (D:4)
  Crazy Yiuf (D:3)
  An orc priest (D:3)
  Ijyb (D:3)
  Terence (D:3)
  2 orc wizards
  3 gnolls (D:3)
  3 adders
  3 dart slugs
  A ribbon worm (D:2)
  16 orcs
  3 bats
  8 endoplasms
  2 giant cockroaches
  3 goblins
  6 hobgoblins
  3 jackals (D:2)
  9 quokkas
  4 ball pythons
  5 frilled lizards
  11 kobolds
  3 rats
93 creatures vanquished.

Notes
Turn   | Place    | Note
-------+----------+-------------------------------------------
     0 | D:1      | Amaterasu the Kobold Hexslinger began the quest for the
                  | Orb.
     0 | D:1      | Reached XP level 1. HP: 12/12 MP: 2/2
    34 | D:1      | Reached skill level 3 in Ranged Weapons
   108 | D:1      | Reached XP level 2. HP: 8/16 MP: 3/3
   348 | D:1      | Reached skill level 4 in Ranged Weapons
   484 | D:1      | Found Joniahed's Assorted Antiques.
   630 | D:1      | Reached XP level 3. HP: 17/20 MP: 4/4
   962 | D:2      | Learned a level 2 spell: Jinxbite
  1228 | D:2      | Reached skill level 5 in Ranged Weapons
  1257 | D:2      | Reached XP level 4. HP: 25/25 MP: 5/5
  1620 | D:2      | Learned a level 1 spell: Slow
  1701 | D:3      | Reached XP level 5. HP: 20/29 MP: 2/7
  1791 | D:3      | Found a runed translucent door.
  1794 | D:3      | Noticed Crazy Yiuf
  1941 | D:3      | Reached skill level 6 in Ranged Weapons
  2023 | D:3      | Noticed Terence
  2041 | D:3      | Killed Terence
  2162 | D:3      | Noticed Ijyb
  2203 | D:3      | Killed Ijyb
  2327 | D:3      | Reached XP level 6. HP: 10/35 MP: 6/8
  2813 | D:3      | Killed Crazy Yiuf
  3072 | D:4      | Found a broken altar of Ashenzari.
  3073 | D:4      | Found a glowing golden altar of the Shining One.
  3075 | D:4      | Found an ornate altar of the Wu Jian Council.
  3076 | D:4      | Found a burning altar of Makhleb.
  3077 | D:4      | Found a radiant altar of Vehumet.
  3082 | D:4      | Found a hide-covered altar of Uskayaw.
  3084 | D:4      | Found a sacrificial altar of Ru.
  3085 | D:4      | Found a snail-covered altar of Cheibriados.
  3087 | D:4      | Found an ancient bone altar of Kikubaaqudgha.
  3305 | D:4      | Reached skill level 7 in Ranged Weapons
  3550 | D:4      | You fall into a shaft and drop 3 floors!
  3557 | D:7      | Noticed an ice beast
  3573 | D:7      | Reached skill level 1 in Armour
  3573 | D:7      | Reached XP level 7. HP: 41/41 MP: 10/10
  3896 | D:6      | HP: 2/41 [ogre/+0 giant club (7)]
  3899 | D:6      | Slain by an ogre

Illustrated notes

Levels and vault maps discovered:
D:1:      elethiomel_arrival_shortcut, layout_loops_ring, serial_shops,
          nicolae_shop_overgrown_old_shop, dreamdust_princess_bridge
D:2:      layout_basic
D:3:      layout_loops_ring, minmay_unequal, uniq_ijyb, uniq_terence,
          uniq_crazy_yiuf_cottage
D:4:      layout_gridville, nicolae_overflow_hallway_of_the_gods,
          minmay_gold_behind_fungi, serial_park_tiny_2
D:6:      layout_loops_cross, serial_shops, nicolae_shop_trees,
          mainiacjoe_sewer_entry_somewhere_in_here_2
D:7:      layout_basic, enter_bailey_3

Skill      XL: |  1  2  3  4  5  6 |
---------------+-------------------+-----
Ranged Weapons | 3 4 5 6 7 |  7.7
Fighting       | 2 3 |  3.0
Spellcasting   | 2 |  2.6
Armour         | 1 |  1.4
Dodging        | |  2.4
Hexes          | |  3.9
Fire Magic     | |  1.0

Action                     |  1- 3 |  4- 6 |  7- 9 || total
---------------------------+-------+-------+-------++-------
  Melee: Sling             |       |     3 |       ||     3
   Fire: Sling             |    86 |   179 |    33 ||   298
   Cast: Jinxbite          |     1 |    12 |     1 ||    14
         Slow              |       |     2 |     7 ||     9
    Use: Scroll            |     4 |     4 |       ||     8
 Armour: Robe              |    15 |    32 |       ||    47
         Leather armour    |       |    11 |    22 ||    33
  Dodge: Dodged            |    17 |    76 |    23 ||   116
